 Dungeon Crawl Stone Soup version 0.26.1-11-gd32895ea62 (webtiles) character file.

Game seed: 4064142699385442663

1400 Gwenloh the Cleaver (level 8, -7/74 HPs)
             Began as a Palentonga Berserker on May 8, 2021.
             Was a Priest of Trog.
             Killed from afar by Maggie (24 damage)
             ... with a bolt of fire
             ... on level 6 of the Dungeon.
             The game lasted 00:17:23 (5924 turns).

Gwenloh the Cleaver (Palentonga Berserker)          Turns: 5924, Time: 00:17:24

Health: -7/74      AC: 15    Str: 20    XL:     8   Next: 41%
Magic:  8/8        EV:  9    Int:  8    God:    Trog [***...]
Gold:   430        SH:  0    Dex: 12    Spells: 7/7 levels left

rFire    . . .     SeeInvis +   a - +0 hand axe
rCold    + . .     Faith    .   (no shield)
rNeg     . . .     Spirit   .   n - +0 ring mail {rC+}
rPois    .         Reflect  .   u - +2 hat {Will+}
rElec    .         Harm     .   r - +0 cloak {Stlth+}
rCorr    .         Rampage  .   (no gloves)
Will     +....                  (no barding)
Stlth    +.........             (no amulet)
HPRegen  0.22/turn              (no ring)
MPRegen  0.11/turn              (no ring)

@: curled up
A: large, rugged brown scales 3, see invisible, deformed body, roll 1, armoured
tail, reflexive curl
a: Rolling Charge, Renounce Religion, Berserk, Trog's Hand


You were on level 6 of the Dungeon.
You worshipped Trog.
Trog was most pleased with you.
You visited 1 branch of the dungeon, and saw 6 of its levels.

You collected 430 gold pieces.

Inventory:

Hand Weapons
 a - a +0 hand axe (weapon)
 s - a +2 whip of freezing
Missiles
 c - 185 stones
 w - 5 javelins (quivered)
 D - 3 throwing nets
Armour
 n - a +0 ring mail of cold resistance (worn)
 r - a +0 cloak of stealth (worn)
 u - a +2 hat of willpower (worn)
Wands
 b - a wand of paralysis (5)
 p - a wand of digging (6)
Scrolls
 d - 7 scrolls of identify {unknown}
 f - a scroll of magic mapping {unknown}
 g - 2 scrolls of fear {unknown}
 h - 3 scrolls of teleportation {unknown}
 j - 2 scrolls of remove curse {unknown}
 l - 2 scrolls of random uselessness {unknown}
 v - a scroll of enchant weapon {unknown}
 y - a scroll of fog {unknown}
 A - a scroll of amnesia {unknown}
Potions
 e - a potion of brilliance {unknown}
 i - a potion of might {unknown}
 k - 2 potions of haste
 m - a potion of cancellation {unknown}
 o - 2 potions of degeneration {unknown}
 q - 2 potions of curing {unknown}
 t - a potion of mutation {unknown}
 x - a potion of resistance {unknown}
 z - 2 potions of flight {unknown}
 B - a potion of heal wounds {unknown}
 C - a potion of lignification {unknown}


   Skills:
 + Level 5.9 Fighting
 * Level 8.6 Axes
 - Level 1.5 Armour
 - Level 1.5 Dodging
 + Level 3.5 Evocations


You had 7 spell levels left.
You didn't know any spells.
Your spell library was empty.

Dungeon Overview and Level Annotations

Branches:
Dungeon (6/15)
 Temple: D:4-7

Altars:
Fedhas
Kikubaaqudgha
Trog
Vehumet
Xom

Shops:
D:4 }

Annotations:
D:6 Maggie


Innate Abilities, Weirdness & Mutations

You are completely covered in rugged brown scales. (AC +3, +7% HP)
You have supernaturally acute eyesight. (SInv)
Armour fits poorly on your strangely shaped body.
You can roll at nearby foes to attack.
You have a long armoured tail.
You curl defensively after being hit.


Message History

Your skin stops crawling.
You feel less strong-willed. Maggie gestures at you while chanting.
The bolt of fire hits you!
You barely miss Maggie.
Maggie is almost dead.
Maggie closely misses you.
You hit Maggie.
Your tail-slap misses Maggie.
Maggie is almost dead.
Maggie hits you with a +0 glaive of holy wrath!
* * * LOW HITPOINT WARNING * * *
You closely miss Maggie.
Maggie is almost dead.
You closely miss Maggie.
Maggie is almost dead.
Maggie barely misses you.
You hit Maggie.
Maggie is almost dead.
Maggie points at you and mumbles some strange words.
The bolt of fire hits you!!
You die...

####################.....#####...
..............# #...
##########....# #... ##
....#..### #... .# 8⌠.#..# #...
.# #######8.#..# #... .#
#.....#..#..# #... .#
#.....#.8#..# #... .#
#..(@@#..#..# #... .#
#...........# .# ############# .#
#### .# ### #.. ##### ##_# #.#
....# ##..#########+#.## ###.#
#..#..##.........# #.#
#.#...##.........#


You could see Maggie.

Vanquished Creatures
  Sigmund (D:1)
  A sky beast (D:6)
  4 ogres
  A bullfrog (D:6)
  A gnoll sergeant (D:5)
  A scorpion (D:6)
  A water moccasin skeleton (D:5)
  A howler monkey (D:6)
  2 orc priests (D:4)
  Crazy Yiuf (D:2)
  A hound (D:4)
  A centaur skeleton (D:4)
  3 worker ants
  3 orc wizards
  A hound zombie (D:6)
  7 gnolls
  6 adders
  A white imp (D:6)
  2 ufetubi (D:5)
  An ooze (D:2)
  An adder skeleton (D:6)
  An adder zombie (D:5)
  3 dart slugs
  3 leopard geckos
  11 orcs
  A ball python (D:3)
  3 giant cockroaches
  9 hobgoblins
  8 jackals
  7 kobolds
  3 quokkas
  10 bats
  3 frilled lizards
  6 goblins
  5 rats
114 creatures vanquished.

Notes
Turn   | Place    | Note
-------+----------+-------------------------------------------
     0 | D:1      | Gwenloh the Palentonga Berserker began the quest for the
                  | Orb.
     0 | D:1      | Reached XP level 1. HP: 20/20 MP: 1/1
   230 | D:1      | Reached XP level 2. HP: 27/27 MP: 2/2
   474 | D:1      | Reached skill level 4 in Axes
  1195 | D:2      | Reached XP level 3. HP: 33/33 MP: 3/3
  1216 | D:2      | Reached ** piety under Trog
  1300 | D:2      | Noticed Sigmund
  1315 | D:1      | Killed Sigmund
  1316 | D:1      | Reached skill level 5 in Axes
  1316 | D:1      | Reached XP level 4. HP: 42/42 MP: 4/4
  1316 | D:1      | Reached XP level 5. HP: 49/49 MP: 5/5
  1700 | D:2      | Found a runed translucent door.
  1701 | D:2      | Noticed Crazy Yiuf
  1768 | D:2      | Found a shimmering altar of Xom.
  1929 | D:2      | Reached skill level 6 in Axes
  2038 | D:2      | Killed Crazy Yiuf
  2039 | D:2      | Reached XP level 6. HP: 55/55 MP: 6/6
  2361 | D:3      | Found a faded altar of an unknown god.
  2390 | D:3      | Found a radiant altar of Vehumet.
  3268 | D:4      | Reached skill level 1 in Evocations
  3280 | D:4      | Found an ancient bone altar of Kikubaaqudgha.
  3438 | D:4      | Found Pymun's Gadget Shoppe.
  3481 | D:4      | Gained mutation: You curl defensively after being hit.
                  | [Palentonga growth]
  3481 | D:4      | Reached XP level 7. HP: 64/64 MP: 7/7
  4021 | D:5      | Entered Level 5 of the Dungeon
  4054 | D:5      | Reached skill level 7 in Axes
  4240 | D:5      | Reached *** piety under Trog
  4241 | D:5      | Reached skill level 5 in Fighting
  4575 | D:5      | Found a bloodstained altar of Trog.
  5079 | D:6      | Reached XP level 8. HP: 50/73 MP: 8/8
  5086 | D:6      | Reached skill level 8 in Axes
  5720 | D:6      | Found a blossoming altar of Fedhas.
  5901 | D:6      | Noticed Maggie
  5924 | D:6      | Killed from afar by Maggie

Illustrated notes

Levels and vault maps discovered:
D:1:      matt_arrival_spirals, layout_basic, item_on_display_a
D:2:      layout_basic, grunt_ministairs_5, xom_teletrap_fun, uniq_sigmund,
          uniq_crazy_yiuf_cottage
D:3:      layout_basic, nicolae_overflow_crystal_walls,
          chequers_ecumenical_altar_simple_redux
D:4:      kennysheep_spiral_hall, layout_loops_corners, kiku_gazebo_pond_becter,
          serial_shops, shop
D:5:      layout_loops_ring, lightli_temple_of_fire
D:6:      layout_basic, marbit_many_paths, chequers_decorated_corner,
          uniq_maggie

Skill      XL: |  1  2  3  4  5  6  7  8 |
---------------+-------------------------+-----
Axes           | 4 5 6 7 8 |  8.6
Fighting       | 4 5 |  5.9
Evocations     | 1 2 3 |  3.5
Armour         | |  1.5
Dodging        | |  1.5

Action                   |  1- 3 |  4- 6 |  7- 9 || total
-------------------------+-------+-------+-------++-------
Melee: Hand axe          |    75 |   101 |   135 ||   311
       Tailslap          |     4 |    11 |    25 ||    40
Throw: Stone             |    19 |    16 |     3 ||    38
       Javelin           |       |       |    11 ||    11
Invok: Berserk           |     2 |     3 |     3 ||     8
       Trog's Hand       |     1 |     2 |     4 ||     7
 Abil: Rolling Charge    |    14 |    28 |    13 ||    55
Evoke: Wand              |       |       |     1 ||     1
Armor: Ring mail         |    19 |    39 |    39 ||    97
       Animal skin       |     1 |       |       ||     1
Dodge: Dodged            |    30 |    38 |    57 ||   125
